[Event "*** Titled Tuesday Blitz"]
[Site "Chess.com"]
[Date "2020.12.29"]
[Round "8"]
[White "Kopytkin"]
[Black "Nadtkins"]
[Result "0-1"]
[WhiteElo "2374"]
[BlackElo "2526"]
[TimeControl "180+1"]
[EndTime "11:28:07 PST"]
[Termination "Nadtkins won on time"]

1. e4 d5 2. Nc3 d4 3. Nce2 e5 4.
Ng3 Be6 5. Bb5+ c6 6. Ba4 Na6 7. Nf3 f6 8. O-O Nc5 9. Bb3 Nxb3 10. axb3 h5 11. d3 h4 12. Nf5 h3 13. g3 g6 14.
N5h4 Ne7 15. Nd2 g5 16. Nf5 Nxf5 17. exf5 Bxf5 18. Qf3 Be6 19. Re1 Be7 20. Nc4 a6 21. Bd2 Qd5 22. Qxd5 cxd5 23. Na5 Rb8 24. f3 Kd7 25. b4 Rhc8 26. Rac1 Rc7 27. Nb3 Rbc8 28. Na1 Rc6 29. Kf2 Rb6 30. c3 dxc3 31. bxc3 Rbc6 32. Ke2 g4 33. Nc2 Bf5 34. Ne3 gxf3+ 35. Kxf3 Be6 36. Ke2 f5 37. Rf1 Rf8 38. Rf2 d4 39. cxd4 Rxc1 40. Bxc1 exd4 41. Nc2 Bf6 42. Bb2 Re8 43. Kd2 Bg5+ 44.
Kd1 Bb3 0-1

[Event "*** Titled Tuesday Blitz"]
[Site "Chess.com"]
[Date "2020.12.29"]
[Round "8"]
[White "chessdjw"]
[Black "Skat2704"]
[Result "0-1"]
[WhiteElo "2589"]
[BlackElo "2391"]
[TimeControl "180+1"]
[EndTime "11:28:08 PST"]
[Termination "Skat2704 won on time"]

1. d4 d5 2. Nf3 Nf6 3. Bf4 e6 4. e3 Bd6 5. Bb5+ c6 6. Bd3 c5 7. dxc5 Bxf4 8. exf4 Qa5+ 9. Nbd2 Qxc5 10. O-O O-O 11. Re1 Qb4 12. f5 Qxb2 13. Rb1 Qa3 14. Rb3 Qd6 15. fxe6 fxe6 16. Ne5 Nc6 17. Ndf3 Nxe5 18.
Nxe5 b6 19. Qf3 Bb7 20. Qh3 Rae8 21. Qh4 d4 22. Bxh7+ Nxh7 23. Rh3 Rf5 24. Qxh7+ Kf8 25. Qh8+ Ke7 26. Qxg7+ Kd8 27. Rh7 Re7 28. Qg8+ Kc7 29.
Rxe7+ Qxe7 30. Qg3 Rg5 31. Qf4 Rxg2+ 32. Kf1 Qd6 33.
Qf7+ Kb8 34. Nd7+ Kc8 35. Rxe6 Ba6+ 36. Kxg2 Qd5+ 0-1

[Event "*** Titled Tuesday Blitz"]
[Site "Chess.com"]
[Date "2020.12.29"]
[Round "8"]
[White "atalz0"]
[Black "Neftegor"]
[Result "0-1"]
[WhiteElo "2369"]
[BlackElo "2557"]
[TimeControl "180+1"]
[EndTime "11:28:10 PST"]
[Termination "Neftegor won on time"]

1. d4 Nf6 2. c4 e6 3. Nc3 Bb4 4.
Qc2 Nc6 5. Nf3 O-O 6. Bd2 d6 7. a3 Bxc3 8. Bxc3 Qe7 9. e3 e5 10. dxe5 dxe5 11. Be2 Bg4 12. O-O Rfe8 13. b4 e4 14. Nd4 Ne5 15. Bxg4 Nexg4 16. h3 Nh6 17. Rfd1 c6 18. Rd2 Nd7 19. Rad1 Nb6 20. Bb2 Qg5 21.
Qc3 f6 22. Qc2 Qg6 23. Kh2 Qf7 24. Rc1 Rad8 25. a4 Nc8 26. b5 c5 27. Nb3 b6 28.
Rcd1 Rxd2 29. Rxd2 Nf5 30. g3 h5 31. Qd1 Qg6 32. Rd7 Nce7 33. Nd2 Nh6 34. Qh1 Nef5 35.
Nxe4 Nxe3 36. Rxg7+ Kxg7 37. Nxf6 Re6 38. Nxh5+ Kh7 39. Qb7+ Nf7 40. Nf4 Nf1+ 41. Kg2 Qe4+ 42. Qxe4+ Rxe4 43. Kxf1 Rxc4 44. Ne6 Rxa4 45. g4 Ra2 46. Bf6 Kg6 0-1

[Event "*** Titled Tuesday Blitz"]
[Site "Chess.com"]
[Date "2020.12.29"]
[Round "8"]
[White "ajdemipopushi"]
[Black "maxip32"]
[Result "0-1"]
[WhiteElo "2348"]
[BlackElo "2506"]
[TimeControl "180+1"]
[EndTime "11:28:11 PST"]
[Termination "maxip32 won on time"]

1. Nf3 Nf6 2. g3 g6 3. c4 Bg7 4.
Bg2 O-O 5. d4 d6 6. Nc3 Nbd7 7. O-O e5 8. h3 Re8 9. e4 exd4 10.
Nxd4 Nc5 11. Re1 a5 12. Nb3 Ncd7 13. Be3 a4 14. Nd4 Nc5 15. Qc2 Bd7 16. Rad1 Qc8 17. Kh2 h5 18. Ndb5 Bc6 19. Bxc5 dxc5 20. e5 Nh7 21. f4 h4 22. gxh4 Bh6 23. Rf1 f6 24.
Qxg6+ Bg7 25. Nd5 fxe5 26. Nbxc7 exf4 27. Rxf4 Re2 28. Rf7 Qf8 29. Rxf8+ Rxf8 30. Kh1 Rff2 31. Rg1 Kh8 32. Ne6 Be5 33. Ng5 Nf8 34. Qh5+ Kg7 35. Ne4 Ng6 36. Nxf2 Rxf2 0-1

[Event "*** Titled Tuesday Blitz"]
[Site "Chess.com"]
[Date "2020.12.29"]
[Round "8"]
[White "ShimanovAlex"]
[Black "Frolyanov_D"]
[Result "1-0"]
[WhiteElo "2842"]
[BlackElo "2664"]
[TimeControl "180+1"]
[EndTime "11:28:13 PST"]
[Termination "ShimanovAlex won by resignation"]

1. d4 d5 2. Bf4 Nf6 3. e3 e6 4.
Nf3 c5 5. Nbd2 Nc6 6. c3 Bd6 7. Bg3 O-O 8. Bb5 Be7 9. Bd3 b6 10. Ne5 Bb7 11. Qb1 h6 12. f4 cxd4 13. exd4 a5 14. O-O Qc8 15. f5 Nxe5 16. Bxe5 Ba6 17. fxe6 fxe6 18. Bxa6 Qxa6 19. Qg6 Qe2 20. Rf2 Qe3 21.
Bf4 Qxf2+ 22. Kxf2 Ne4+ 23. Nxe4 Rxf4+ 24. Kg1 Rxe4 25. Rf1 Rf8 26. Rxf8+ Kxf8 27. Kf1 b5 28. Qg3 b4 29. Qb8+ Kf7 30. Qa7 bxc3 31. bxc3 Rf4+ 32. Ke2 Re4+ 33.
Kf3 g5 34. Qxa5 g4+ 35. Kf2 Bh4+ 36. g3 Bg5 37. Qa7+ Kf6 38. Qa6 Be3+ 39. Kf1 Bd2 40. Qd3 Bc1 41. a4 Re3 42. Qc2 Rf3+ 43. Kg2 Be3 44. a5 h5 45. a6 h4 46. gxh4 Bf4 47. a7 Rh3 48. Qf2 Rxh2+ 49. Kg1 1-0

[Event "*** Titled Tuesday Blitz"]
[Site "Chess.com"]
[Date "2020.12.29"]
[Round "8"]
[White "ChessQueen"]
[Black "NeverW84M8"]
[Result "0-1"]
[WhiteElo "2721"]
[BlackElo "2519"]
[TimeControl "180+1"]
[EndTime "11:28:13 PST"]
[Termination "NeverW84M8 won by resignation"]

1. e4 e5 2. Nf3 f5 3. Nxe5 Nf6 4. d4 d6 5. Nf3 fxe4 6. Ng5 h6 7. Nxe4 Nxe4 8.
Qh5+ Ke7 9. Bc4 Qe8 10. Qh4+ Nf6 11. O-O Kd8 12. Nc3 Be7 13. Qg3 Nc6 14. Re1 Nxd4 15. Qd3 c5 16. Bf4 Bf5 17. Qg3 Nh5 18. Qe3 Nxf4 19.
Qxf4 g5 20. Qd2 Nxc2 21. Nd5 Nxe1 22. Rxe1 b6 23. Nxe7 Qxe7 24. Rxe7 Kxe7 25. Qd5 Rhf8 26. Qb7+ Kf6 27. h4 gxh4 28. Qc7 Rad8 29. Qxa7 d5 30. Qxb6+ Kg5 31. Be2 d4 32. Qxc5 d3 33. Bd1 Rfe8 34. Qc1+ d2 35. Qc7 Rd7 36. Qc4 Re1+ 37. Kh2 Rxd1 38.
Qg8+ Kf6 39. Qf8+ Kg6 40. Qg8+ Rg7 41. Qe8+ Kh7 42. Qd8 Rd7 43. Qf6 Rh1+ 44. Kxh1 d1=Q+ 45. Kh2 Qg4 46. Qe5 Rg7 0-1

[Event "*** Titled Tuesday Blitz"]
[Site "Chess.com"]
[Date "2020.12.29"]
[Round "8"]
[White "rynos0411"]
[Black "yobdc"]
[Result "1-0"]
[WhiteElo "2344"]
[BlackElo "2439"]
[TimeControl "180+1"]
[EndTime "11:28:13 PST"]
[Termination "rynos0411 won on time"]

1. d4 e6 2. c4 f5 3. g3 Nf6 4.
Bg2 d5 5. Nc3 c6 6. Nf3 Bd6 7.
O-O O-O 8. b3 Ne4 9. Bb2 Nd7 10.
Rc1 Qe7 11. Nd2 a5 12. f3 Nxc3 13. Bxc3 f4 14. g4 b5 15. Re1 a4 16. e4 fxe3 17. Rxe3 Bf4 18. Re2 axb3 19. axb3 b4 20. Bb2 Qh4 21.
Bh1 Ra2 22. Rb1 h5 23. Nf1 Nf6 24. Bc1 Rxe2 25. Qxe2 Bxc1 26. Rxc1 hxg4 27. Ng3 gxf3 28. Bxf3 Qxd4+ 29. Kg2 Ng4 30. Bxg4 Rf6 31. Rd1 Qc3 32.
Rd3 Qc1 33. Bf3 Ba6 34. Re3 Kf7 35. Bh5+ Ke7 36. Bf3 dxc4 37. bxc4 Bxc4 38. Qe1 b3 39. Qxc1 Bd5 40. Qb2 1-0

[Event "*** Titled Tuesday Blitz"]
[Site "Chess.com"]
[Date "2020.12.29"]
[Round "8"]
[White "Das_Virus_2020"]
[Black "ferdipy"]
[Result "0-1"]
[WhiteElo "2461"]
[BlackElo "2198"]
[TimeControl "180+1"]
[EndTime "11:28:13 PST"]
[Termination "ferdipy won by resignation"]

1. e4 c5 2. Nc3 Nc6 3. f4 g6 4. Nf3 Bg7 5. Bc4 e6 6. f5 Nge7 7. fxe6 fxe6 8. O-O O-O 9. d3 h6 10. Qe1 d5 11. Bb3 Nd4 12. Nxd4 cxd4 13. Ne2 dxe4 14. Rxf8+ Qxf8 15. dxe4 Kh7 16. Qh4 Nc6 17. Bd2 Qc5 18. Kh1 a5 19. Rf1 Ne5 20. a4 Bd7 21. Nc1 Rf8 22. Rxf8 Qxf8 23. Qe1 Qe8 24. Bxa5 Bxa4 25.
Qb4 Bxb3 26. Qxb3 Qc6 27. Ne2 Qxe4 28. Ng1 d3 29. cxd3 Nxd3 30. Bb6 Nxb2 31. Qh3 Nc4 32. Bf2 b5 33. Qb3 Qd5 34. Bg3 Ne3 35. Qxd5 exd5 36. Ne2 b4 37. Nc1 d4 38. Be1 Nc2 39.
Bd2 h5 40. Kg1 Bh6 41. Bxh6 Kxh6 42. Kf2 Kg5 43. Ke2 Kf4 44. Kd2 Ne3 45. Nd3+ Ke4 46. Nxb4 Nxg2 47. Nd3 Ne3 48. Nc5+ Kd5 49. Nd3 g5 50.
Ke2 Ke4 51. Nc5+ Kf4 52. Ne6+ Kg4 53. Nxd4 Nd5 54. Kf2 h4 55. Kg2 Nf4+ 56. Kg1 h3 57. Nc2 Ne2+ 58. Kf2 Nc3 59. Ne3+ Kf4 60. Nc4 Ne4+ 61.
Kg1 g4 62. Nb6 g3 63. Nd5+ Kf3 64. hxg3 Kxg3 65. Nf4 h2+ 0-1

[Event "*** Titled Tuesday Blitz"]
[Site "Chess.com"]
[Date "2020.12.29"]
[Round "8"]
[White "DishonorOnYourCow"]
[Black "MasterMK73"]
[Result "1-0"]
[WhiteElo "2445"]
[BlackElo "2243"]
[TimeControl "180+1"]
[EndTime "11:28:13 PST"]
[Termination "DishonorOnYourCow won on time"]

1. d4 d5 2. c4 e6 3. Nc3 c6 4.
e4 dxe4 5. Nxe4 Bb4+ 6. Bd2 Qxd4 7. Bxb4 Qxe4+ 8. Be2 Qxg2 9. Bf3 Qg5 10. Ne2 Nd7 11. Rg1 Qf6 12. Bc3 e5 13. Bg4 Ne7 14. Qd2 Nc5 15. Bxc8 Rxc8 16. Qe3 Nd7 17. O-O-O Ng6 18.
Qh3 Rd8 19. f4 Nc5 20. fxe5 Qe7 21. Qe3 O-O 22. h4 Na4 23. h5 Nxc3 24. Qxc3 Nxe5 25.
Nf4 f6 26. h6 g5 27. Nh5 Rxd1+ 28. Rxd1 Rd8 29. Rf1 Nd3+ 30. Kb1 Nf4 31. Nxf6+ Kf8 32. Ng4 Kg8 33. Nf6+ Kf8 34. Re1 Qf7 35. Ne4 Qg6 36. b3 Re8 37. Qd4 Ne6 38. Qf2+ Nf4 39. Kb2 Rxe4 40. Qc5+ 1-0

[Event "*** Titled Tuesday Blitz"]
[Site "Chess.com"]
[Date "2020.12.29"]
[Round "8"]
[White "Salem-AR"]
[Black "GM_Crest"]
[Result "1/2-1/2"]
[WhiteElo "2915"]
[BlackElo "2698"]
[TimeControl "180+1"]
[EndTime "11:28:14 PST"]
[Termination "Game drawn - insufficient material"]

1. e4 e6 2. d4 d5 3. Nc3 Bb4 4. e5 c5 5. a3 Bxc3+ 6. bxc3 Qc7 7. a4 cxd4 8. cxd4 Qc3+ 9. Bd2 Qxd4 10. Nf3 Qc5 11.
Rb1 Nc6 12. Bd3 Nge7 13. O-O Ng6 14. Re1 O-O 15. h4 f6 16. exf6 Rxf6 17. Bg5 Rf7 18. h5 Nf4 19. Bxf4 Rxf4 20. Rb5 Qf8 21. Qd2 Rxf3 22.
gxf3 Qxf3 23. Qg5 Qf6 24. Qxf6 gxf6 25. Re3 b6 26. Rg3+ Kh8 27. h6 Ba6 28. Rb1 Bxd3 29.
cxd3 Nd4 30. Re1 e5 31. Kg2 Nf5 32. Rf3 Nh4+ 33. Kg3 Nxf3 34. Kxf3 Rc8 35. Kg4 Rg8+ 36. Kf5 Rg6 37. Rc1 Rxh6 38. Rc8+ Kg7 39. Rc7+ Kf8 40. Rxa7 Ke8 41. Ke6 Kd8 42. Kxd5 Rh2 43. Kd6 Kc8 44. Kc6 Kb8 45. Kxb6 Rxf2 46. Rxh7 Rb2+ 47. Kc6 Rc2+ 48. Kd5 Rd2 49. Ke4 Ra2 50. Kf5 Rxa4 51. Kxf6 Rd4 52. Rh3 e4 53. dxe4 Rxe4 54. Rf3 Kc7 55. Kf5 Re8 56. Rf4 Rf8+ 57. Kg4 Rxf4+ 58. Kxf4 1/2-1/2

[Event "*** Titled Tuesday Blitz"]
[Site "Chess.com"]
[Date "2020.12.29"]
[Round "8"]
[White "Slovak_fighter2000"]
[Black "CSB7"]
[Result "0-1"]
[WhiteElo "2483"]
[BlackElo "2629"]
[TimeControl "180+1"]
[EndTime "11:28:14 PST"]
[Termination "CSB7 won by checkmate"]

1. d4 d5 2. Nf3 Nf6 3. Bf4 c5 4. e3 Nc6 5. Nbd2 Qb6 6. dxc5 Qxb2 7. Rb1 Qc3 8. Bb5 e6 9. O-O Be7 10. Be5 Qxc5 11. c4 dxc4 12. Nxc4 O-O 13. Bg3 Ne4 14. Qc2 Nxg3 15. hxg3 Nb4 16. Rxb4 Qxb4 17. Rb1 Qc5 18. Qe4 Qf5 19. Qxf5 exf5 20. Na5 Bd8 21. Nb3 Be6 22.
Nfd4 Bxb3 23. axb3 g6 24. Bc4 Bf6 25. Nb5 a6 26. Nd6 b5 27. Be2 Rfd8 28. Nb7 Rd2 29. Bf3 Rc8 30. b4 Be7 31. Na5 Rcc2 32. Nc6 Bd6 33. Nd4 Rb2 34. Rc1 Rxf2 35. Rc6 Bxg3 36. Nb3 Rxb3 37. Rc8+ Kg7 38. Bd1 Rb1 39. Rc1 Rxc1 40.
Kh1 Rxd1# 0-1

[Event "*** Titled Tuesday Blitz"]
[Site "Chess.com"]
[Date "2020.12.29"]
[Round "8"]
[White "PhoenixFire8"]
[Black "Europe03"]
[Result "1/2-1/2"]
[WhiteElo "2443"]
[BlackElo "2333"]
[TimeControl "180+1"]
[EndTime "11:28:14 PST"]
[Termination "Game drawn by repetition"]

1. Nf3 d5 2. b3 c5 3. Bb2 Nc6 4. e3 a6 5. d4 cxd4 6. exd4 Nf6 7. Bd3 Bg4 8. Nbd2 e6 9. Nf1 Bd6 10. Ng3 O-O 11. h3 Bxg3 12. hxg4 Bf4 13. g3 Bd6 14. Qe2 g6 15. g5 Nh5 16. O-O-O Nb4 17. Kb1 Qa5 18.
a3 Nxd3 19. Qxd3 Bxa3 20. Bxa3 Qxa3 21. Rxh5 gxh5 22. Rh1 f6 23. Rxh5 Qe7 24. Qe3 Rf7 25. Rh6 Raf8 26. Rh5 Rg7 27. gxf6 Qxf6 28. Ng5 Qxf2 29. Qxe6+ Kh8 30. Qe5 Qf1+ 31. Kb2 Qf6 32. Qxd5 Rd8 33. Qe5 Qxe5 34. dxe5 Rd5 35. Ne6 Rxg3 36.
Nf4 Rd8 37. e6 Re8 38. Re5 Rf3 39. Nd5 Kg7 40. Nc7 Re7 41. Nd5 Re8 42. Nc7 Re7 43.
Nd5 Re8 1/2-1/2

[Event "*** Titled Tuesday Blitz"]
[Site "Chess.com"]
[Date "2020.12.29"]
[Round "8"]
[White "ChristopherYoo"]
[Black "Kretov_Evgenij"]
[Result "1-0"]
[WhiteElo "2864"]
[BlackElo "2517"]
[TimeControl "180+1"]
[EndTime "11:28:15 PST"]
[Termination "ChristopherYoo won by resignation"]

1. e4 c5 2. Nc3 Nc6 3. Bb5 Nd4 4. Nf3 g6 5. O-O Bg7 6. Ba4 a6 7. Nxd4 cxd4 8. Ne2 b5 9. Bb3 Bb7 10. d3 d6 11. f4 Qb6 12. a4 Nf6 13. Qe1 Nxe4 14. dxe4 d3+ 15. Kh1 dxe2 16. Qxe2 O-O 17. f5 Qd4 18. Bg5 Rae8 19. fxg6 hxg6 20. axb5 axb5 21. Qxb5 Qxe4 22. Bxf7+ Kh7 23. Rg1 Ra8 24. Rae1 Rxf7 25. Rxe4 Bxe4 26. Qe2 d5 27. c3 Raf8 28. Be3 Bh6 29.
Bxh6 Kxh6 30. Qe3+ Kh7 31. h4 Rf2 32. c4 e6 33. cxd5 exd5 34. b4 Rb2 35. Kh2 Rff2 36. Qg5 Kg8 37. h5 Rf5 38. Qd8+ Kg7 39. h6+ Kh7 40.
Kg3 Rb3+ 41. Kg4 Rf7 42. Qe8 Rb7 43. Rf1 R3xb4 44. Rf7+ Rxf7 45. Qxf7+ Kxh6 46. Qf8+ Kh7 47. Qxb4 Bxg2 48. Kg5 Be4 49. Qe7+ Kg8 50. Kf6 1-0

[Event "*** Titled Tuesday Blitz"]
[Site "Chess.com"]
[Date "2020.12.29"]
[Round "8"]
[White "Siniauski"]
[Black "PlotnikovPavel"]
[Result "1-0"]
[WhiteElo "2595"]
[BlackElo "2454"]
[TimeControl "180+1"]
[EndTime "11:28:15 PST"]
[Termination "Siniauski won on time"]

1. e4 c5 2. Nf3 d6 3. Bb5+ Nc6 4. O-O g6 5. d4 cxd4 6. Nxd4 Bd7 7. Bxc6 bxc6 8. c4 Bg7 9. Nc3 Nf6 10. Bg5 O-O 11. Qd2 e5 12. Nb3 Be6 13. Rfd1 h6 14. Bxf6 Qxf6 15. Qxd6 Bxc4 16. Qxf6 Bxf6 17. Rd6 Bg5 18.
Rxc6 Rac8 19. Na5 Rxc6 20. Nxc6 Bf6 21. Nxa7 Rb8 22. b3 Be6 23. Nab5 Rd8 24. a4 Bxb3 25. a5 Ra8 26. a6 Bd8 27. a7 Kf8 28. Nd5 Bxd5 29. exd5 Ke8 30. Ra6 Kd7 31. Kf1 Be7 32. Ke2 Bc5 33. Rc6 Bxa7 34. Rc7+ Kd8 35. Rxa7 Rb8 36. Nd6 Rb2+ 37. Ke3 Rb3+ 38. Ke4 f6 39. Nf7+ Ke8 40. d6 Rb4+ 41. Kd5 Rb5+ 42.
Ke6 1-0

[Event "*** Titled Tuesday Blitz"]
[Site "Chess.com"]
[Date "2020.12.29"]
[Round "8"]
[White "ChampStan"]
[Black "Sergienko_Sergey"]
[Result "0-1"]
[WhiteElo "2174"]
[BlackElo "2302"]
[TimeControl "180+1"]
[EndTime "11:28:15 PST"]
[Termination "Sergienko_Sergey won on time"]

1. d4 Nf6 2. c4 c5 3. d5 e5 4. Nc3 d6 5. e4 Be7 6. Nf3 Nbd7 7. Bd3 Nf8 8. Ne2 Ng6 9. h3 h6 10. Be3 O-O 11. O-O Nh7 12. Ng3 Bg5 13. Nxg5 Nxg5 14. Nf5 Qf6 15. Qh5 Nf4 16. Bxf4 exf4 17. Nh4 f3 18. Nxf3 g6 19. Qxh6 Nxf3+ 20. gxf3 Qxf3 21.
Qe3 Qxh3 22. Qxh3 Bxh3 23. Rfb1 Rae8 24. b4 cxb4 25. Rxb4 b6 26. a4 f5 27. Re1 fxe4 28.
Rxe4 Rxe4 29. Bxe4 Kg7 30. a5 bxa5 31. Ra4 Rf4 32. f3 Bf5 33. Bxf5 gxf5 34. Kf2 Kf6 35. Ke3 Ke5 36. Rxa5 Rxc4 37. Rxa7 Rc3+ 38. Kf2 Kxd5 39. Ra5+ Rc5 40. Ra4 Rc4 41. Ra5+ Ke6 42. Kg3 d5 43. Ra6+ Ke5 44. Ra8 Rc1 0-1

[Event "*** Titled Tuesday Blitz"]
[Site "Chess.com"]
[Date "2020.12.29"]
[Round "8"]
[White "Vyacheslav_N"]
[Black "GelmanAlexander"]
[Result "0-1"]
[WhiteElo "2439"]
[BlackElo "2566"]
[TimeControl "180+1"]
[EndTime "11:28:19 PST"]
[Termination "GelmanAlexander won by resignation"]

1. e4 c5 2. Nf3 e6 3. c4 d6 4. d4 cxd4 5. Nxd4 Nf6 6. Nc3 b6 7. f3 Bb7 8. Be3 a6 9. Qd2 Nbd7 10. Rc1 Rc8 11. Be2 h6 12. b4 g5 13. Nb3 Rg8 14. Na4 g4 15. Bxh6 gxf3 16. gxf3 Nxe4 17. Qf4 e5 18.
Qf5 Qh4+ 19. Kd1 Nf2+ 20. Kc2 Bxh6 21. Rcg1 Rxc4+ 22. Bxc4 Qxc4+ 23. Kb1 Rxg1+ 24. Rxg1 Ne4 25. Rg8+ Ke7 26. Rg4 Qd3+ 27. Kb2 Qe2+ 28. Ka3 Nd2 29. Nxd2 Bxd2 30. Rc4 Qxc4 31. Qb1 Bd5 32. Qb3 Bxb4+ 33.
Kb2 Qxb3+ 34. axb3 b5 35. h4 bxa4 36. bxa4 Bd2 37.
h5 Bh6 38. Kc2 Bxf3 39. Kc3 Bxh5 40. a5 f5 41. Kb4 f4 42. Kc3 Be2 43. Kd2 Bb5 44.
Ke1 e4 45. Kd2 f3+ 46. Kc3 f2 0-1

[Event "*** Titled Tuesday Blitz"]
[Site "Chess.com"]
[Date "2020.12.29"]
[Round "8"]
[White "Pelopidass"]
[Black "drragnar1"]
[Result "1/2-1/2"]
[WhiteElo "2557"]
[BlackElo "2446"]
[TimeControl "180+1"]
[EndTime "11:28:19 PST"]
[Termination "Game drawn by agreement"]

1. e4 c5 2. Nf3 Nc6 3. b3 e5 4.
Bc4 Be7 5. Nc3 Nf6 6. d3 O-O 7. Bg5 d6 8. Bxf6 Bxf6 9. Bd5 Nd4 10. Nxd4 cxd4 11. Ne2 Qa5+ 12. Qd2 Qxd2+ 13. Kxd2 Rb8 14. h4 Bd8 15. b4 b5 16. c3 dxc3+ 17. Nxc3 Bd7 18. f3 Bb6 19. Rac1 Rfc8 20. Bb3 a5 21.
Nd5 Rxc1 22. Rxc1 Bd8 23. bxa5 Bxa5+ 24. Ke2 Bd8 25. h5 Rc8 26. Rxc8 Bxc8 27. a4 Bd7 28. axb5 Bxb5 29. Bc4 Ba4 30. Nc3 Bd7 31. g4 Kf8 32.
Nd5 h6 33. Ne3 g6 34. Bd5 Kg7 35. Nc4 Be7 36. Kf2 Kf6 37. hxg6 fxg6 38. Kg3 h5 39. Nb6 Bb5 40. Bc4 Bc6 41. gxh5 gxh5 42. Nd5+ Bxd5 43. Bxd5 Kg5 44. Be6 h4+ 45. Kg2 Kf4 46. Bd7 Ke3 47.
Bb5 Bd8 48. Bc4 Kf4 49. Bb5 Bb6 50. Bc4 Ba5 51. Bb5 Be1 52. Bc4 Ke3 53. Bb5 Kd4 54.
Bc4 Kc5 55. Kh3 Kd4 56. Kg2 Ba5 57. Ba6 d5 58. exd5 Kxd5 59. Kh3 Bd8 60. Bb7+ Kd4 61.
Be4 Ke3 62. Kg2 Bg5 63. Bh7 1/2-1/2

[Event "*** Titled Tuesday Blitz"]
[Site "Chess.com"]
[Date "2020.12.29"]
[Round "8"]
[White "GMHess"]
[Black "petrpalachev"]
[Result "1-0"]
[WhiteElo "2872"]
[BlackElo "2745"]
[TimeControl "180+1"]
[EndTime "11:28:21 PST"]
[Termination "GMHess won on time"]

1. b3 d5 2. Bb2 Bf5 3. h3 h6 4. d3 e6 5. Nd2 Nf6 6. Ngf3 Nbd7 7. g4 Bg6 8. Rg1 c6 9. g5 hxg5 10. Nxg5 Bd6 11. Nxe6 fxe6 12. Rxg6 Qe7 13. e3 O-O-O 14. Qe2 e5 15. O-O-O Ba3 16. Qf3 Rdf8 17. Qg2 Rh7 18. Be2 Bxb2+ 19. Kxb2 a5 20. Rg1 Rf7 21. Nf3 Nf8 22.
Rg3 Nh5 23. Rg4 Nf6 24. Ng5 Nxg4 25. Qxg4+ Kc7 26. Qg3 Kd6 27. d4 Rf6 28. Nxh7 Nxh7 29. Qxg7 Rf7 30. Qxe5+ Qxe5 31. dxe5+ Kxe5 32. f4+ Kd6 33. Rg6+ Nf6 34. Bd3 Ke7 35. h4 b6 36. h5 c5 37. h6 c4 38. bxc4 dxc4 39. Bxc4 Rf8 40. Rg7+ Kd6 41. h7 Rh8 42. Bd3 b5 43. e4 Ke6 44. e5 Nd5 45. Rg8 1-0

[Event "*** Titled Tuesday Blitz"]
[Site "Chess.com"]
[Date "2020.12.29"]
[Round "8"]
[White "NMShanMeruga"]
[Black "Lagmantr"]
[Result "1-0"]
[WhiteElo "2462"]
[BlackElo "2769"]
[TimeControl "180+1"]
[EndTime "11:28:21 PST"]
[Termination "NMShanMeruga won on time"]

1. e4 c6 2. d4 d5 3. Nc3 dxe4 4. f3 e5 5. dxe5 Qxd1+ 6. Kxd1 exf3 7. Nxf3 Be6 8. Ng5 Nd7 9. Nxe6 fxe6 10. Bf4 Ne7 11. Bc4 Nd5 12. Nxd5 cxd5 13. Be2 h5 14. Kd2 Be7 15. c3 g5 16. Be3 Nxe5 17. Bd4 Bd6 18. Rae1 Ke7 19. Kc2 Rh6 20. Be3 Rg8 21. h4 Nf7 22.
hxg5 Nxg5 23. Rxh5 Rxh5 24. Bxh5 Ne4 25. Bf3 b6 26. g4 Nf6 27. g5 Nh7 28. Rg1 Bc5 29. g6 Nf8 30. Bxc5+ bxc5 31. c4 d4 32. Be4 Kf6 33.
b4 cxb4 34. c5 Ke5 35. Kd3 Nd7 36. Rc1 Nf6 37. Bh1 Rxg6 38. Re1+ Kf5 39. c6 Rg3+ 40. Kxd4 Rc3 41. Rf1+ Kg6 42. Ke5 Nd5 43. Kxe6 Ne3 44. Rg1+ Kh5 45. Bf3+ Kh4 46. Ke5 Nc2 47. Be4 Ne3 48. Kf4 Nc2 49. Rh1+ 1-0

[Event "*** Titled Tuesday Blitz"]
[Site "Chess.com"]
[Date "2020.12.29"]
[Round "8"]
[White "FGHSMN"]
[Black "ShahMatKanal"]
[Result "1-0"]
[WhiteElo "2650"]
[BlackElo "2452"]
[TimeControl "180+1"]
[EndTime "11:28:21 PST"]
[Termination "FGHSMN won by resignation"]

1. e4 c5 2. Nf3 Nc6 3. d4 cxd4 4.
Nxd4 e5 5. Nb5 a6 6. Nd6+ Bxd6 7. Qxd6 Qf6 8. Qd1 Qg6 9. Nc3 Nf6 10. f3 d5 11. Nxd5 Nxd5 12. Qxd5 O-O 13. Qd2 Rd8 14. Bd3 Be6 15. O-O Bc4 16. Bxc4 Rxd2 17. Bxd2 Nd4 18.
Bd3 Rd8 19. Be3 h5 20. Rad1 h4 21. h3 Qb6 22. c3 Qxb2 23. cxd4 exd4 24. Bg5 Rc8 25.
Rd2 Qb4 26. Rfd1 f6 27. Bxh4 b5 28. Be1 Qc5 29. Rc2 Qf8 30. Rdc1 Rxc2 31. Rxc2 Qa3 32. Rd2 b4 33. Kf2 Kh7 34. e5+ g6 35. e6 Kg7 36. e7 Qa4 37. Re2 Qe8 38. Bxa6 d3 39. Bxd3 Kf7 40. Bc4+ Kg7 41. Bb5 Qxb5 42. e8=Q Qc5+ 43.
Kf1 1-0

[Event "*** Titled Tuesday Blitz"]
[Site "Chess.com"]
[Date "2020.12.29"]
[Round "8"]
[White "MasterKroket"]
[Black "Agoking701"]
[Result "1/2-1/2"]
[WhiteElo "2463"]
[BlackElo "2354"]
[TimeControl "180+1"]
[EndTime "11:28:21 PST"]
[Termination "Game drawn by repetition"]

1. d4 Nf6 2. c4 e6 3. Nf3 Bb4+ 4.
Bd2 Nc6 5. a3 Bxd2+ 6. Nbxd2 O-O 7. e4 d6 8. h3 e5 9. d5 Ne7 10. b4 Ng6 11. g3 Ne8 12. h4 f5 13. h5 Ne7 14. Bd3 fxe4 15. Bxe4 Nf6 16. Nh4 Nxe4 17. Nxe4 Nf5 18. Nxf5 Bxf5 19. Qe2 a5 20. b5 b6 21. h6 g6 22. Qe3 Bxe4 23. Qxe4 Qg5 24. Rh4 Rf7 25.
Qg4 Qf6 26. Ra2 e4 27. Qe6 Qc3+ 28. Rd2 Qc1+ 29. Rd1 Qxc4 30. Rxe4 Qc3+ 31. Rd2 Rf8 32. Rf4 Qe5+ 33. Re2 Qa1+ 34. Kd2 Qb2+ 35. Kd1 Qa1+ 36. Kd2 Qxa3 37. Rxf7 Rxf7 38. Qc8+ Rf8 39. Qxc7 Qb2+ 40.
Kd1 Qb1+ 41. Kd2 Qb2+ 42. Kd1 Qb1+ 43. Kd2 Qb2+ 1/2-1/2

[Event "*** Titled Tuesday Blitz"]
[Site "Chess.com"]
[Date "2020.12.29"]
[Round "8"]
[White "Th3ChessViking"]
[Black "VladaSviridova"]
[Result "0-1"]
[WhiteElo "2448"]
[BlackElo "2260"]
[TimeControl "180+1"]
[EndTime "11:28:21 PST"]
[Termination "VladaSviridova won by resignation"]

1. f4 d5 2. Nf3 Nf6 3. g3 g6 4.
Bg2 Bg7 5. O-O O-O 6. d3 c5 7.
c3 b6 8. Qe1 Ba6 9. a4 Nbd7 10.
Na3 Rc8 11. Nb5 Ra8 12. e4 e6 13. e5 Ne8 14. g4 Bxb5 15. axb5 Nc7 16. c4 f5 17.
exf6 Qxf6 18. Ra2 a6 19. bxa6 Rxa6 20. Rxa6 Nxa6 21. cxd5 exd5 22. Ng5 Nc7 23. Qd1 h6 24. Nf3 Kh8 25. Qa4 Qd6 26. Nh4 Kh7 27. Nf3 b5 28.
Qc2 d4 29. Nd2 Nf6 30. Ne4 Nxe4 31. Bxe4 Kh8 32. h4 Ne6 33. Qh2 Nc7 34. h5 g5 35.
fxg5 Qxh2+ 36. Kxh2 Rxf1 37. gxh6 Rxc1 38. hxg7+ Kxg7 39. g5 Ne6 40. h6+ Kh8 41. g6 Rc2+ 42. Kg3 Rxb2 43. Bd5 Ng7 44. Kf4 Re2 45. hxg7+ Kxg7 46.
Bf7 b4 47. Kf3 Re3+ 0-1

[Event "*** Titled Tuesday Blitz"]
[Site "Chess.com"]
[Date "2020.12.29"]
[Round "8"]
[White "DenLaz"]
[Black "penguingm1"]
[Result "1-0"]
[WhiteElo "2833"]
[BlackElo "2925"]
[TimeControl "180+1"]
[EndTime "11:28:22 PST"]
[Termination "DenLaz won on time"]

1. d4 d5 2. c4 e6 3. Nf3 Nf6 4. Nc3 Be7 5. Bg5 h6 6. Bxf6 Bxf6 7. e3 O-O 8. Rc1 c6 9. Bd3 Nd7 10. O-O b6 11. e4 dxe4 12. Bxe4 Bb7 13. Qe2 Rc8 14. b4 Qe7 15. a3 Rfd8 16. Rfe1 Ba8 17.
c5 a5 18. Bb1 g6 19. Ne4 Bg7 20. h4 Rb8 21. h5 g5 22. Nd6 g4 23. Nh2 g3 24. Ng4 Qg5 25. Rcd1 Nf6 26. Nxf6+ Qxf6 27.
fxg3 Rd7 28. Rf1 Qg5 29. Qe4 axb4 30. axb4 Kf8 31. Qh7 bxc5 32. bxc5 Rbd8 33. Bg6 f6 34. Bc2 Qxg3 35. Qe4 Re7 36. Qf3 Qg5 37. Ne4 Qf5 38. Qg3 Qxh5 39. Nxf6 Bxf6 40. Rxf6+ Rf7 41. Rxf7+ Kxf7 42. Bg6+ Qxg6 43. Rf1+ Kg7 44. Qc7+ 1-0

[Event "*** Titled Tuesday Blitz"]
[Site "Chess.com"]
[Date "2020.12.29"]
[Round "8"]
[White "annacramling"]
[Black "Chernov_Alexander_A"]
[Result "0-1"]
[WhiteElo "2081"]
[BlackElo "2316"]
[TimeControl "180+1"]
[EndTime "11:28:22 PST"]
[Termination "Chernov_Alexander_A won on time"]

1. d4 Nf6 2. c4 e6 3. Nc3 d5 4. cxd5 Nxd5 5. e4 Nxc3 6. bxc3 c5 7. Nf3 cxd4 8. cxd4 Bb4+ 9. Bd2 Bxd2+ 10. Qxd2 O-O 11. Be2 Nd7 12. O-O Nf6 13. Bd3 b6 14. Rac1 Bb7 15. Qf4 Rc8 16. e5 Nd5 17. Rxc8 Nxf4 18. Rxd8 Rxd8 19.
Rd1 Bxf3 20. gxf3 g5 21. Be4 Rc8 22. d5 exd5 23. Bxd5 Rc5 24. Be4 Rxe5 25. Kf1 Kg7 26. Rc1 Ra5 27. Rc2 h5 28. Ke1 h4 29. Kd2 Kf6 30. Ke3 Ra3+ 31. Kd4 Ra4+ 32. Ke3 Kg7 33. Rd2 Ra5 34. Rc2 f5 35. Bc6 Kf6 36. a4 Rc5 37. Rxc5 bxc5 38. Bb5 Ke5 39. Kd2 Kd4 40.
Bd7 Ke5 41. Kc3 Nh3 42. Kc4 Kd6 43. Bxf5 Nxf2 0-1